[ AOE2 MATCH · #506464294 ]
UnrankedByzantines vs Goths
Player's team · LOSS
Rival team · WIN
[ REPLAY ANALYSIS · EXTRACTED FROM THE RECORDED GAME ]
Feudal
10:34
Castle
29:00
Imperial
—
| APM avg | 61.3 |
| APM peak | 118 |
| eAPM avg | 31.3 |
| Villagers / military | 132 / 97 |
Focus
⚔️ 47.8% · 🌾 52.2%
Archer ×81 · Skirmisher ×9 · Fishing Ship ×9 · Knight ×7 · Unknown (2626) ×5
Feudal
11:02
Castle
33:02
Imperial
—
| APM avg | 97.7 |
| APM peak | 186 |
| eAPM avg | 54.9 |
| Villagers / military | 185 / 69 |
Focus
⚔️ 63.6% · 🌾 36.4%
Archer ×25 · Knight ×14 · Scout Cavalry ×8 · Mangonel ×6 · Militia ×5 · Skirmisher ×5
Match map
Initial resources + every placement click. Lines = walls · curves = elevation contours. ◆ gold · ⬟ stone · ● berries · ✦ relic · ◌ wall gap
Your base· ✓ Map-separated
Ro0kiE_'s base· ✓ Map-separated
Smoothed initial terrain · ◌ = detected wall gap · hover for details
Inputs per minute
— Hackali - - Ro0kiE_
Build order — Hackali
First 150 of 319 actions detected
| 0:02 | Build | House |
| 0:02 | Build | House |
| 0:05 | Create | Villager (Male) |
| 0:07 | Create | Villager (Male) |
| 0:07 | Create | Villager (Male) |
| 0:39 | Create | Villager (Male) |
| 0:40 | Create | Villager (Male) |
| 1:29 | Create | Villager (Male) |
| 1:29 | Create | Villager (Male) |
| 2:04 | Create | Villager (Male) |
| 2:04 | Create | Villager (Male) |
| 2:24 | Create | Villager (Male) |
| 2:25 | Create | Villager (Male) |
| 2:41 | Create | Villager (Male) |
| 2:42 | Create | Villager (Male) |
| 3:13 | Create | Villager (Male) |
| 3:13 | Create | Villager (Male) |
| 3:38 | Build | Lumber Camp |
| 3:44 | Create | Villager (Male) |
| 4:06 | Build | House |
| 4:17 | Create | Villager (Male) |
| 4:17 | Create | Villager (Male) |
| 4:23 | Create | Villager (Male) |
| 4:23 | Create | Villager (Male) |
| 4:30 | Create | Villager (Male) |
| 4:30 | Create | Villager (Male) |
| 4:54 | Create | Villager (Male) |
| 4:54 | Create | Villager (Male) |
| 5:05 | Create | Villager (Male) |
| 5:05 | Create | Villager (Male) |
| 5:35 | Build | Dock |
| 5:41 | Build | House |
| 6:23 | Create | Fishing Ship |
| 6:24 | Create | Fishing Ship |
| 6:29 | Create | Villager (Male) |
| 6:30 | Create | Villager (Male) |
| 6:31 | Create | Villager (Male) |
| 6:31 | Create | Villager (Male) |
| 6:31 | Create | Villager (Male) |
| 6:52 | Build | House |
| 6:52 | Build | House |
| 7:33 | Create | Villager (Male) |
| 8:01 | Create | Fishing Ship |
| 8:01 | Create | Fishing Ship |
| 8:24 | Research | Feudal Age |
| 8:52 | Create | Fishing Ship |
| 8:54 | Create | Villager (Male) |
| 9:50 | Build | Barracks |
| 10:10 | Build | House |
| 10:13 | Create | Villager (Male) |
| 10:19 | Research | Loom |
| 10:25 | Build | Mining Camp |
| 10:34 | Age | Feudal Age |
| 11:03 | Build | Archery Range |
| 11:07 | Create | Villager (Male) |
| 11:12 | Create | Villager (Male) |
| 11:22 | Research | Double-Bit Axe |
| 11:27 | Build | Palisade Wall |
| 11:31 | Build | House |
| 11:32 | Build | Palisade Wall |
| 11:33 | Build | Palisade Wall |
| 11:38 | Build | Palisade Wall |
| 11:39 | Build | Palisade Wall |
| 11:46 | Build | House |
| 11:46 | Build | Palisade Wall |
| 11:56 | Create | Archer |
| 11:57 | Create | Archer |
| 11:59 | Build | House |
| 12:00 | Create | Villager (Male) |
| 12:09 | Create | Villager (Male) |
| 12:18 | Create | Villager (Male) |
| 12:43 | Build | House |
| 12:44 | Create | Skirmisher |
| 12:45 | Create | Archer |
| 12:47 | Create | Villager (Male) |
| 13:04 | Build | Lumber Camp |
| 13:34 | Build | Mill |
| 13:50 | Create | Archer |
| 14:03 | Create | Villager (Male) |
| 14:07 | Create | Villager (Male) |
| 14:07 | Create | Villager (Male) |
| 14:22 | Create | Archer |
| 14:33 | Create | Villager (Male) |
| 14:45 | Build | Archery Range |
| 14:50 | Create | Archer |
| 15:05 | Create | Villager (Male) |
| 15:15 | Create | Skirmisher |
| 15:15 | Create | Skirmisher |
| 15:39 | Create | Villager (Male) |
| 15:53 | Create | Skirmisher |
| 18:52 | Create | Villager (Male) |
| 18:52 | Create | Villager (Male) |
| 18:52 | Create | Villager (Male) |
| 18:54 | Create | Villager (Male) |
| 18:54 | Create | Villager (Male) |
| 18:57 | Create | Villager (Male) |
| 18:57 | Create | Villager (Male) |
| 18:58 | Create | Villager (Male) |
| 18:58 | Create | Villager (Male) |
| 19:03 | Create | Skirmisher |
| 19:47 | Create | Villager (Male) |
| 19:49 | Build | Blacksmith |
| 20:01 | Create | Archer |
| 20:02 | Create | Archer |
| 20:16 | Create | Villager (Male) |
| 20:33 | Build | Mining Camp |
| 20:37 | Build | Mining Camp |
| 20:43 | Research | Fletching |
| 20:43 | Research | Fletching |
| 20:43 | Research | Fletching |
| 20:45 | Create | Fishing Ship |
| 20:45 | Create | Fishing Ship |
| 20:54 | Create | Archer |
| 20:55 | Create | Archer |
| 21:39 | Create | Villager (Male) |
| 21:41 | Create | Archer |
| 22:02 | Build | Farm |
| 22:02 | Build | Farm |
| 22:02 | Build | Farm |
| 22:02 | Build | Farm |
| 22:02 | Build | Farm |
| 22:11 | Create | Villager (Male) |
| 22:15 | Create | Skirmisher |
| 22:29 | Create | Villager (Male) |
| 22:46 | Create | Villager (Male) |
| 22:48 | Build | Farm |
| 22:48 | Build | Farm |
| 22:57 | Create | Fishing Ship |
| 22:57 | Create | Fishing Ship |
| 23:13 | Build | Farm |
| 23:13 | Build | Farm |
| 23:16 | Create | Archer |
| 23:17 | Create | Archer |
| 23:22 | Build | Outpost |
| 23:26 | Create | Skirmisher |
| 23:26 | Create | Skirmisher |
| 23:44 | Create | Archer |
| 23:49 | Create | Archer |
| 24:07 | Create | Skirmisher |
| 24:17 | Create | Villager (Male) |
| 24:29 | Create | Villager (Male) |
| 24:30 | Build | Farm |
| 24:44 | Create | Archer |
| 24:56 | Create | Archer |
| 25:19 | Create | Villager (Male) |
| 25:21 | Build | Farm |
| 25:22 | Build | House |
| 25:43 | Build | Market |
| 25:46 | Build | Palisade Wall |
| 25:53 | Create | Archer |
Build order — Ro0kiE_
First 150 of 418 actions detected
| 0:00 | Create | Villager (Male) |
| 0:01 | Create | Villager (Male) |
| 0:01 | Create | Villager (Male) |
| 0:02 | Build | House |
| 0:03 | Build | House |
| 0:04 | Create | Villager (Male) |
| 0:05 | Create | Villager (Male) |
| 0:08 | Research | Loom |
| 0:09 | Create | Villager (Male) |
| 0:09 | Create | Villager (Male) |
| 0:25 | Create | Villager (Male) |
| 0:46 | Create | Villager (Male) |
| 1:40 | Create | Villager (Male) |
| 1:41 | Create | Villager (Male) |
| 2:11 | Create | Villager (Male) |
| 2:12 | Build | Lumber Camp |
| 2:42 | Create | Villager (Male) |
| 2:55 | Create | Villager (Male) |
| 3:26 | Create | Villager (Male) |
| 3:33 | Build | House |
| 3:55 | Create | Villager (Male) |
| 4:19 | Create | Villager (Male) |
| 4:47 | Create | Villager (Male) |
| 4:47 | Create | Villager (Male) |
| 4:50 | Build | Dock |
| 5:00 | Create | Villager (Male) |
| 5:11 | Build | House |
| 5:25 | Create | Villager (Male) |
| 5:25 | Create | Villager (Male) |
| 5:51 | Create | Fishing Ship |
| 5:56 | Create | Villager (Male) |
| 6:37 | Create | Villager (Male) |
| 6:37 | Create | Villager (Male) |
| 6:47 | Build | House |
| 6:48 | Create | Fishing Ship |
| 6:51 | Create | Villager (Male) |
| 6:51 | Create | Villager (Male) |
| 6:51 | Create | Villager (Male) |
| 7:01 | Create | Villager (Male) |
| 7:01 | Create | Villager (Male) |
| 7:17 | Create | Villager (Male) |
| 7:17 | Create | Villager (Male) |
| 7:40 | Create | Fishing Ship |
| 7:45 | Create | Villager (Male) |
| 7:47 | Create | Villager (Male) |
| 8:09 | Build | Barracks |
| 8:11 | Create | Villager (Male) |
| 8:45 | Build | Mining Camp |
| 8:52 | Research | Feudal Age |
| 9:04 | Build | House |
| 9:05 | Create | Militia |
| 9:05 | Create | Militia |
| 9:19 | Create | Fishing Ship |
| 9:24 | Build | House |
| 9:30 | Create | Militia |
| 9:58 | Create | Militia |
| 10:00 | Create | Villager (Male) |
| 11:02 | Age | Feudal Age |
| 11:04 | Research | Man-at-Arms (upgrade) |
| 11:05 | Research | Double-Bit Axe |
| 11:05 | Research | Double-Bit Axe |
| 11:05 | Create | Villager (Male) |
| 11:06 | Create | Villager (Male) |
| 11:06 | Create | Villager (Male) |
| 11:13 | Build | Archery Range |
| 11:19 | Research | Town Watch |
| 11:19 | Create | Villager (Male) |
| 11:25 | Create | Unit 2626 |
| 11:27 | Create | Villager (Male) |
| 11:38 | Create | Spearman |
| 11:54 | Create | Villager (Male) |
| 11:55 | Create | Archer |
| 12:00 | Build | Watch Tower |
| 12:13 | Create | Villager (Male) |
| 12:14 | Create | Archer |
| 12:31 | Build | Palisade Gate |
| 12:33 | Build | House |
| 12:47 | Create | Villager (Male) |
| 12:53 | Build | House |
| 12:54 | Build | Palisade Wall |
| 12:55 | Create | Villager (Male) |
| 12:59 | Create | Archer |
| 13:03 | Create | Villager (Male) |
| 13:03 | Create | Villager (Male) |
| 13:08 | Build | Mining Camp |
| 13:15 | Build | Palisade Wall |
| 13:15 | Build | Palisade Wall |
| 13:16 | Build | Palisade Wall |
| 13:16 | Build | Palisade Wall |
| 13:17 | Build | Palisade Wall |
| 13:26 | Create | Archer |
| 13:31 | Build | House |
| 13:51 | Create | Archer |
| 13:54 | Build | House |
| 13:59 | Build | Blacksmith |
| 14:02 | Create | Archer |
| 14:04 | Create | Villager (Male) |
| 14:06 | Create | Militia |
| 14:11 | Create | Villager (Male) |
| 14:14 | Build | House |
| 14:16 | Build | House |
| 14:24 | Build | House |
| 14:37 | Create | Archer |
| 14:37 | Create | Archer |
| 14:45 | Create | Villager (Male) |
| 15:24 | Research | Fletching |
| 15:26 | Create | Villager (Male) |
| 15:26 | Create | Villager (Male) |
| 15:32 | Build | Watch Tower |
| 16:30 | Create | Archer |
| 16:30 | Create | Archer |
| 16:31 | Create | Villager (Male) |
| 16:32 | Create | Villager (Male) |
| 16:34 | Create | Villager (Male) |
| 16:34 | Create | Villager (Male) |
| 16:53 | Create | Skirmisher |
| 16:56 | Build | House |
| 17:00 | Build | House |
| 17:07 | Build | Watch Tower |
| 17:21 | Build | Lumber Camp |
| 17:22 | Create | Villager (Male) |
| 17:25 | Create | Archer |
| 17:47 | Create | Archer |
| 18:06 | Create | Villager (Male) |
| 18:07 | Create | Villager (Male) |
| 18:16 | Create | Villager (Male) |
| 18:16 | Create | Villager (Male) |
| 18:27 | Build | Palisade Wall |
| 18:27 | Build | Palisade Wall |
| 18:27 | Build | Palisade Wall |
| 18:28 | Build | Palisade Wall |
| 18:28 | Build | Palisade Wall |
| 18:28 | Build | Palisade Wall |
| 18:35 | Build | Mill |
| 18:36 | Create | Archer |
| 18:37 | Create | Archer |
| 18:40 | Build | Palisade Wall |
| 19:21 | Create | Archer |
| 19:28 | Build | Palisade Wall |
| 19:29 | Create | Galley |
| 19:34 | Build | House |
| 19:36 | Build | Palisade Wall |
| 19:48 | Build | Archery Range |
| 19:58 | Create | Galley |
| 20:17 | Build | Stable |
| 20:44 | Build | Watch Tower |
| 20:45 | Create | Villager (Male) |
| 20:45 | Create | Villager (Male) |
| 20:55 | Build | Palisade Wall |
| 20:57 | Build | House |
Match timeline
| 4:50 | Ro0kiE_ · first_building Dock |
| 5:35 | Hackali · first_building Dock |
| 8:09 | Ro0kiE_ · first_building Barracks |
| 9:50 | Hackali · first_building Barracks |
| 10:34 | Hackali · age_up feudal |
| 11:02 | Ro0kiE_ · age_up feudal |
| 11:03 | Hackali · first_building Archery Range |
| 11:13 | Ro0kiE_ · first_building Archery Range |
| 11:27 | Hackali · wall_segment Palisade Wall x1 |
| 11:32 | Hackali · wall_segment Palisade Wall x1 |
| 11:33 | Hackali · wall_segment Palisade Wall x1 |
| 11:38 | Hackali · wall_segment Palisade Wall x1 |
| 11:39 | Hackali · wall_segment Palisade Wall x1 |
| 11:46 | Hackali · wall_segment Palisade Wall x1 |
| 12:54 | Ro0kiE_ · wall_segment Palisade Wall x8 |
| 13:15 | Ro0kiE_ · wall_segment Palisade Wall x1 |
| 13:15 | Ro0kiE_ · wall_segment Palisade Wall x1 |
| 13:16 | Ro0kiE_ · wall_segment Palisade Wall x1 |
| 13:16 | Ro0kiE_ · wall_segment Palisade Wall x1 |
| 13:17 | Ro0kiE_ · wall_segment Palisade Wall x1 |
| 18:27 | Ro0kiE_ · wall_segment Palisade Wall x1 |
| 18:27 | Ro0kiE_ · wall_segment Palisade Wall x1 |
| 18:27 | Ro0kiE_ · wall_segment Palisade Wall x1 |
| 18:28 | Ro0kiE_ · wall_segment Palisade Wall x3 |
| 18:28 | Ro0kiE_ · wall_segment Palisade Wall x1 |
| 18:28 | Ro0kiE_ · wall_segment Palisade Wall x1 |
| 18:40 | Ro0kiE_ · wall_segment Palisade Wall x12 |
| 19:28 | Ro0kiE_ · wall_segment Palisade Wall x1 |
| 19:36 | Ro0kiE_ · wall_segment Palisade Wall x1 |
| 20:17 | Ro0kiE_ · first_building Stable |
| 20:55 | Ro0kiE_ · wall_segment Palisade Wall x1 |
| 21:02 | Ro0kiE_ · wall_segment Palisade Wall x1 |
| 21:04 | Ro0kiE_ · wall_segment Palisade Wall x1 |
| 22:22 | Ro0kiE_ · wall_segment Palisade Wall x6 |
| 23:48 | Ro0kiE_ · wall_segment Palisade Wall x1 |
| 23:49 | Ro0kiE_ · wall_segment Palisade Wall x1 |
| 24:44 | Ro0kiE_ · wall_segment Palisade Wall x3 |
| 25:46 | Hackali · wall_segment Palisade Wall x7 |
| 26:29 | Hackali · first_building Stable |
| 28:35 | Hackali · wall_segment Palisade Wall x1 |
| 29:00 | Hackali · age_up castle |
| 29:07 | Hackali · first_market_sell 100 wood |
| 30:10 | Hackali · wall_segment Palisade Wall x1 |
| 30:12 | Hackali · wall_segment Palisade Wall x1 |
| 30:19 | Ro0kiE_ · first_market_buy 100 food |
| 31:14 | Ro0kiE_ · wall_segment Palisade Wall x9 |
| 33:02 | Ro0kiE_ · age_up castle |
| 33:19 | Ro0kiE_ · first_building Siege Workshop |
| 34:14 | Ro0kiE_ · first_market_sell 100 food |
| 35:39 | Hackali · first_market_buy 100 stone |
| 40:05 | Ro0kiE_ · first_building Monastery |
| 40:53 | Ro0kiE_ · wall_segment Palisade Wall x1 |
| 40:54 | Ro0kiE_ · wall_segment Palisade Wall x1 |
| 40:55 | Ro0kiE_ · wall_segment Palisade Wall x1 |
| 43:40 | Ro0kiE_ · first_building Castle |
| 44:19 | Hackali · resign |
[ AI ANALYSIS · 1 CREDIT ]
What really happened in this match?
Wolo.gg analyzes every decision: build order, eco, micro, common mistakes by bracket. Personalized analysis on WhatsApp or Discord in 30 seconds.
Civ guide
Byzantines
Perfil
Jugador #3899580